 Dungeon Sprint DCSS version 0.31-a0-18-gea43df2a32 (webtiles) character file.

Game seed: 8676487160065031457

20344 sircluck the Wrestler (level 12, -1/196 HPs)
             Began as a Troll Berserker on May 9, 2023.
             Was the Champion of Trog.
             Succumbed to a green ugly thing's poison
             ... in the Dungeon (Sprint IX: "|||||||||||||||||||||||||||||").
             The game lasted 00:05:18 (1320 turns).

sircluck the Wrestler (Troll Berserker)             Turns: 1320, Time: 00:05:18

Health: -1/196     AC: 14    Str: 35    XL:     12   Next: 44%
Magic:  11/11      EV:  9    Int:  6    God:    Trog [******]
Gold:   1899       SH: 11    Dex:  9    Spells: 11/11 levels left

rFire   + +          .
                       - Unarmed
rCold   x . .        A - +1 tower shield
rNeg    . . .        z - +1 fire dragon scales
rPois   .            (helmet restricted)
rElec   .            j - +0 cloak
rCorr   .            (gloves unavailable)
SInv    .            (boots unavailable)
Will    .....        (no amulet) Stlth
                     k - +3 ring of strength
HPRegen 1.32/turn    l - +3 ring of intelligence
MPRegen 0.12/turn

%: no teleportation
@: berserking (expiring), lethally poisoned (-1 -> -25), very quick
A: large, unfitting armour, claws 3, regeneration 1, shaggy fur 1, tough skin 1
a: Renounce Religion, Berserk, Trog's Hand, Brothers in Arms


You were in the Dungeon.
You worshipped Trog.
Trog was exalted by your worship.
You visited 1 branch You collected 1899 gold pieces.

Inventory:

Armour
 a - a +0 animal skin
 j - a +0 cloak (worn)
 m - a +0 troll leather armour
 z - +1 fire dragon scales (worn)
 A - a +1 tower shield (worn)
Jewellery
 k - a +3 ring of strength (left claw)
 l - a +3 ring of intelligence (right claw)
 o - a ring of magical power
 v - a ring of protection from fire
 w - a ring of ice
 x - a ring of resist corrosion
 y - a ring of protection from cold
Wands
 i - a wand of acid (8)
 u - a wand of paralysis (11)
Scrolls
 g - 3 scrolls of blinking
 p - 4 scrolls of identify
 q - 4 scrolls of enchant armour
 r - 2 scrolls of fog
 s - 4 scrolls of enchant weapon
Potions
 b - 6 potions of curing
 c - 5 potions of heal wounds
 d - a potion of haste
 e - 5 potions of magic
 f - a potion of berserk rage
 h - a potion of invisibility
 n - 2 potions of might
 t - a potion of lignification {unknown}
 B - a potion of resistance


   Skills:
 + Level 11.6 Fighting
 + Level 6.7 Armour
 + Level 12.5 Dodging
 + Level 1.7 Stealth
 + Level 1.1 Shields
 + Level 24.1 Unarmed Combat
 + Level 1.2 Evocations


You had 11 spell levels left.
You didn't know any spells.
Your spell library was empty.

Dungeon Overview and Level Annotations

Branches:
Dungeon (1/1)

Altars:
Cheibriados
Dithmenos
Elyvilon
Fedhas
Gozag
Hepliaklqana
Kikubaaqudgha
Makhleb
Nemelex Xobeh
Okawaru
Qazlal
Ru
Sif Muna
Trog
Uskayaw
Vehumet
Wu Jian
Xom
Yredelemnul
Zin
The Shining One
Jiyva
Lugonu

Shops:
D (*([


Innate Abilities, Weirdness & Mutations

You are too large for most types of armour.
You have claws for hands.
Your natural rate of healing is unusually fast.
You are covered in fur. (AC +1)
You have tough skin. (AC +1)


Message History

You kill the green ugly thing!
Trog accepts your kill.
Your Unarmed Combat skill increases to level 24!
The green ugly thing punches you.
You are poisoned.
The green ugly thing poisons you!
Things that are here:
a +0 whip; a +0 robe; a manticore corpse You mangle the green ugly thing!!
The green ugly thing is moderately wounded.
You feel very sick.
You scratch the green ugly thing.
The green ugly thing is heavily wounded.
You feel very sick. The green ugly thing punches you!
You are more poisoned.
The green ugly thing poisons you!
You eviscerate the green ugly thing!!!
You kill the green ugly thing!
Trog accepts your kill.
You feel extremely sick.
You mangle the stone giant!!
The stone giant is moderately wounded.
You feel extremely sick.
You completely miss the stone giant.
The stone giant is moderately wounded.
You feel very sick. The stone giant hits you!!
* * * LOW HITPOINT WARNING * * *
You claw the stone giant!
The stone giant is moderately wounded.
You feel very sick.
You claw the stone giant!
The stone giant is heavily wounded.
You feel very sick. The stone giant hits you!!
* * * LOW HITPOINT WARNING * * *
You scratch the stone giant but do no damage.
The stone giant is heavily wounded.
You die...

▓▓▓▓▓▓▓▓▓▓▓▓▓▓▓▓▓▓▓▓▓▓▓▓
....CQC@).).'.....!..!.[
▓▓▓▓▓▓▓▓▓▓▓▓▓▓▓▓▓▓▓▓▓▓▓▓▓▓▓▓▓▓▓▓▓
..................)..............
▓▓▓▓▓▓▓▓▓▓▓▓▓▓▓▓▓▓▓▓▓▓▓▓▓▓▓▓▓▓▓▓▓
.....'.....∩)∩)∩.∩)))))).........
▓▓▓▓▓▓▓▓▓▓▓▓▓▓▓▓▓▓▓▓▓▓▓▓▓▓▓▓▓▓▓▓▓
......)............))............
▓▓▓▓▓▓▓▓▓▓▓▓▓▓▓▓▓▓▓▓▓▓▓▓▓▓▓▓▓▓▓▓▓
'..[[[[..'.........††)†.......†††


You could see a stone giant, an ettin and a tengu warrior.

Vanquished Creatures
  A rakshasa (D)
  Erolcha (D)
  A hydra (D)
  An ogre mage (D)
  A centaur warrior (D)
  A two-headed ogre (D)
  An orc high priest (D)
  Urug (D)
  An orc knight (D)
  3 lindwurms (D)
  9 orc sorcerers (D)
  5 ugly things (D)
  2 manticores (D)
  2 cyclopes (D)
  Maurice (D)
  2 cane toads (D)
  A rime drake (D)
  2 komodo dragons (D)
  A troll (shapeshifter) (D)
  3 trolls (D)
  2 tyrant leeches (D)
  A blink frog (D)
  A dream sheep (D)
  A slime creature (D)
  2 wyverns (D)
  2 yaks (D)
  2 basilisks (D)
  2 water moccasins (D)
  10 orc warriors (D)
  A kobold brigand (D)
  2 bullfrogs (D)
  A hound (D)
  A jelly (D)
  4 orc priests (D)
  9 orc wizards (D)
  An adder (D)
  2 worms (D)
  A dart slug (D)
  5 orcs (D)
  An endoplasm (D)
  A hobgoblin (D)
  A quokka (D)
  A kobold (D)
  A rat (D)
95 creatures vanquished.

Vanquished Creatures (collateral kills)
  A lindwurm (D)
  A komodo dragon (D)
  A basilisk (D)
  2 bullfrogs (D)
5 creatures vanquished.

Grand Total: 100 creatures vanquished

Notes
Turn   | Place    | Note
-------+----------+-------------------------------------------
     0 | D        | sircluck the Troll Berserker began the quest for the Orb.
     0 | D        | Reached XP level 1. HP: 22/22 MP: 0/0
    14 | D        | Reached ** piety under Trog
    25 | D        | Noticed an orc wizard
    25 | D        | Noticed a hound
    25 | D        | Noticed a jelly
    28 | D        | Killed a jelly
    29 | D        | Reached skill level 4 in Unarmed Combat
    29 | D        | Reached XP level 2. HP: 32/32 MP: 1/1
    29 | D        | Reached XP level 3. HP: 39/39 MP: 2/2
    32 | D        | Reached *** piety under Trog
    33 | D        | Reached skill level 5 in Unarmed Combat
    42 | D        | Reached XP level 4. HP: 43/48 MP: 3/3
    51 | D        | Reached **** piety under Trog
    52 | D        | Reached skill level 6 in Unarmed Combat
    65 | D        | Found a snail-covered altar of Cheibriados.
    65 | D        | Found a shadowy altar of Dithmenos.
    65 | D        | Found a white marble altar of Elyvilon.
    65 | D        | Found a blossoming altar of Fedhas.
    65 | D        | Found an opulent altar of Gozag.
    66 | D        | Found a hazy altar of Hepliaklqana.
    67 | D        | Found a viscous altar of Jiyva.
    68 | D        | Found an ancient bone altar of Kikubaaqudgha.
    69 | D        | Found a corrupted altar of Lugonu.
    70 | D        | Found a burning altar of Makhleb.
    71 | D        | Found a sparkling altar of Nemelex Xobeh.
    72 | D        | Found an iron altar of Okawaru.
    73 | D        | Found a stormy altar of Qazlal.
    74 | D        | Found a sacrificial altar of Ru.
    75 | D        | Found a shimmering blue altar of Sif Muna.
    76 | D        | Found a bloodstained altar of Trog.
    77 | D        | Found a hide-covered altar of Uskayaw.
    78 | D        | Found a radiant altar of Vehumet.
    79 | D        | Found an ornate altar of the Wu Jian Council.
    80 | D        | Found a shimmering altar of Xom.
    81 | D        | Found a basalt altar of Yredelemnul.
    82 | D        | Found a glowing silver altar of Zin.
    83 | D        | Found a glowing golden altar of the Shining One.
   117 | D        | Noticed a wyvern
   117 | D        | Noticed a troll
   117 | D        | Noticed a kobold brigand
   117 | D        | Noticed a troll
   117 | D        | Noticed a troll
   117 | D        | Noticed a yak
   120 | D        | Killed a yak
   121 | D        | Reached skill level 5 in Fighting
   121 | D        | Reached skill level 8 in Unarmed Combat
   121 | D        | Reached XP level 5. HP: 37/59 MP: 4/4
   123 | D        | Killed a troll
   124 | D        | Reached skill level 10 in Unarmed Combat
   124 | D        | Reached XP level 6. HP: 46/68 MP: 5/5
   127 | D        | HP: 2/68 [troll (12)]
   130 | D        | Killed a troll
   131 | D        | Reached skill level 11 in Unarmed Combat
   131 | D        | Reached XP level 7. HP: 19/78 MP: 6/6
   135 | D        | Reached ***** piety under Trog
   138 | D        | HP: 3/117 [troll (4)]
   140 | D        | HP: 1/117 [troll (3)]
   142 | D        | Killed a troll
   143 | D        | Killed a wyvern
   144 | D        | Reached skill level 12 in Unarmed Combat
   144 | D        | Reached XP level 8. HP: 3/88 MP: 7/7
   226 | D        | Noticed a six-headed hydra
   226 | D        | Noticed a two-headed ogre
   226 | D        | Noticed a cyclops
   226 | D        | Noticed a slime creature
   226 | D        | Noticed a cyclops
   226 | D        | Noticed a red ugly thing
   230 | D        | Killed a red ugly thing
   231 | D        | Reached skill level 13 in Unarmed Combat
   232 | D        | Killed a cyclops
   240 | D        | Killed a slime creature
   241 | D        | Reached skill level 14 in Unarmed Combat
   241 | D        | Reached XP level 9. HP: 96/97 MP: 8/8
   243 | D        | Killed a cyclops
   244 | D        | Reached skill level 1 in Armour
   246 | D        | Killed a two-headed ogre
   246 | D        | Received a gift from Trog
   247 | D        | Reached skill level 10 in Dodging
   247 | D        | Reached skill level 15 in Unarmed Combat
   250 | D        | Killed a ten-headed hydra
   251 | D        | Reached skill level 16 in Unarmed Combat
   380 | D        | Noticed a komodo dragon
   380 | D        | Noticed a cane toad
   383 | D        | Noticed a komodo dragon
   386 | D        | Killed a cane toad
   387 | D        | Reached XP level 10. HP: 84/110 MP: 9/9
   401 | D        | Reached skill level 10 in Fighting
   412 | D        | Reached skill level 17 in Unarmed Combat
   464 | D        | Noticed a cane toad
   470 | D        | Received a gift from Trog
   475 | D        | Killed a cane toad
   481 | D        | Reached skill level 18 in Unarmed Combat
   489 | D        | Reached ****** piety under Trog
   501 | D        | Noticed a lindwurm
   501 | D        | Noticed a lindwurm
   501 | D        | Noticed a lindwurm
   501 | D        | Noticed a lindwurm
   504 | D        | Killed a lindwurm
   511 | D        | Killed a lindwurm
   512 | D        | Reached skill level 19 in Unarmed Combat
   515 | D        | Killed a lindwurm
   515 | D        | Received a gift from Trog
   516 | D        | Reached skill level 5 in Armour
   516 | D        | Reached XP level 11. HP: 97/119 MP: 10/10
   520 | D        | Killed a lindwurm
   626 | D        | Noticed Urug
   635 | D        | Killed Urug
   636 | D        | Reached skill level 20 in Unarmed Combat
   669 | D        | Noticed Erolcha
   674 | D        | Killed Erolcha
   674 | D        | Received a gift from Trog
   766 | D        | Received a gift from Trog
   812 | D        | Noticed an orc sorcerer
   812 | D        | Noticed an orc knight
   812 | D        | Noticed an orc high priest
   814 | D        | Noticed a sixfirhy
   816 | D        | Killed an orc high priest
   829 | D        | Killed an orc knight
   833 | D        | Killed an orc sorcerer
   833 | D        | Received a gift from Trog
   834 | D        | Reached skill level 21 in Unarmed Combat
   952 | D        | Received a gift from Trog
   984 | D        | Found Zyohip's Antique Armour Boutique.
   984 | D        | Noticed an orc sorcerer
   984 | D        | Noticed an orc sorcerer
   984 | D        | Noticed an orc sorcerer
   986 | D        | Killed an orc sorcerer
   987 | D        | Noticed an orc sorcerer
   989 | D        | Killed an orc sorcerer
   990 | D        | Found Ycre Osu's Antique Weapon Shop.
   991 | D        | Killed an orc sorcerer
   992 | D        | Reached skill level 1 in Evocations
   993 | D        | Identified the +2 triple sword "Suttaomo" {antimagic, Fly
                  | Stlth+} (Trog gifted it to you in the Dungeon)
   993 | D        | Received a gift from Trog
   994 | D        | Noticed an orc sorcerer
   996 | D        | Noticed an orc sorcerer
   997 | D        | Killed an orc sorcerer
   998 | D        | Reached skill level 22 in Unarmed Combat
   998 | D        | Found Xeurr's Assorted Antiques.
   999 | D        | Noticed a sixfirhy
  1002 | D        | Found Quwu's Weapon Shop.
  1002 | D        | Noticed an orc sorcerer
  1007 | D        | Killed an orc sorcerer
  1008 | D        | Killed an orc sorcerer
  1008 | D        | Received a gift from Trog
  1011 | D        | Killed an orc sorcerer
  1012 | D        | Reached skill level 1 in Stealth
  1013 | D        | Noticed an orc sorcerer
  1025 | D        | Killed an orc sorcerer
  1025 | D        | Received a gift from Trog
  1026 | D        | Reached XP level 12. HP: 70/130 MP: 11/11
  1121 | D        | Noticed Maurice
  1123 | D        | Paralysed by something for 5 turns
  1129 | D        | Killed Maurice
  1268 | D        | Noticed an ogre mage
  1268 | D        | Noticed a centaur warrior
  1275 | D        | Killed a centaur warrior
  1276 | D        | Reached skill level 23 in Unarmed Combat
  1278 | D        | Noticed a rakshasa
  1285 | D        | Identified the +5 glaive of Disarray {heavy, rF+ rC+ Str+5
                  | Dex+4} (Trog gifted it to you in the Dungeon)
  1285 | D        | Received a gift from Trog
  1289 | D        | Killed an ogre mage
  1294 | D        | Noticed a tengu warrior
  1296 | D        | Noticed a stone giant
  1297 | D        | Noticed a stone giant
  1307 | D        | Noticed an ettin
  1309 | D        | Killed a rakshasa
  1309 | D        | Received a gift from Trog
  1310 | D        | Reached skill level 1 in Shields
  1312 | D        | Reached skill level 24 in Unarmed Combat
  1319 | D        | HP: 3/196 [stone giant (28)]
  1320 | D        | Succumbed to a green ugly thing's poison

Illustrated notes

Levels and vault maps discovered:
D:        linesprint [early_d, line_temple, items_1, d_10, items_2, lair_1,
          lair_end, items_3, orc_1, orc_end, items_4, d_15, swamp_1, shoals_1,
          snake_1, spider_1, d_20, vaults_1, items_5, swamp_end, shoals_end,
          snake_end, spider_end, vaults_end, d_27, items_6, zot_1, zot_end,
          crypt_end, forest_end, elf_end, slime_end, tomb_end, abyss_end,
          pan_hell_end]

Skill      XL: |  1  2  3  4  5  6  7  8  9 10 11 12 |
---------------+-------------------------------------+-----
Dodging        | 3 4 6 7 8 9 10 11 12 | 12.5
Fighting       | 3 4 5 6 7 8 9 10 11 | 11.6
Unarmed Combat | 4 5 8 10 11 12 14 16 19 22 24 | 24.1
Armour         | 2 5 6 |  6.7
Evocations     | 1 |  1.2
Stealth        | 1 |  1.7
Shields        | 1 |  1.1

Action                     |  1- 3 |  4- 6 |  7- 9 | 10-12 || total
---------------------------+-------+-------+-------+-------++-------
  Melee: Unarmed           |    31 |    21 |    37 |   205 ||   294
         Punch             |       |     2 |     2 |     8 ||    12
 Invoke: Berserk           |       |       |     2 |     2 ||     4
         Brothers in Arms  |       |       |       |     2 ||     2
  Evoke: Wand              |       |       |       |     2 ||     2
    Use: Potion            |       |     1 |       |     1 ||     2
 Armour: Animal skin       |     9 |     2 |     2 |       ||    13
         Troll leather arm |       |       |     3 |    22 ||    25
         Fire dragon scale |       |       |       |    14 ||    14
  Dodge: Dodged            |    15 |     9 |    13 |    43 ||    80
  Block: Tower shield      |       |       |       |    10 ||    10

Table legend: (Time is in decaauts)
 A = Elapsed time spent in this place.
 B = Non-inter-level travel time spent in this place.
 C = Inter-level travel time spent in this place.
 D = Time resting spent in this place.
 E = Time spent auto-exploring this place.
 F = Levels seen in this place.
 G = Mean time per level.
                   A        B        C        D        E       F      G
               +--------+--------+--------+--------+--------+-----+--------+
         Total |   1256 |   1231 |     25 |    135 |    440 |   1 | 1256.0 |
       Dungeon |   1256 |   1231 |     25 |    135 |    440 |   1 | 1256.0 |
               +--------+--------+--------+--------+--------+-----+--------+

Top non-repeatable levels by time:
       D: 1256 daAuts
